 Dungeon Crawl Stone Soup version 0.27-a0-1189-gb8eb6cee8e (webtiles) character file.

Game seed: 11583849695914865377

16 Sobieck the Skirmisher (level 2, 27/27 HPs)
             Began as a Hill Orc Fighter on May 22, 2021.
             Was a Follower of Kikubaaqudgha.
             Got out of the dungeon alive.
             The game lasted 00:01:28 (718 turns).

Sobieck the Skirmisher (Hill Orc Fighter)            Turns: 718, Time: 00:01:28

Health: 27/27      AC:  6    Str: 18    XL:     2   Next: 54%
Magic:  2/2        EV:  7    Int:  8    God:    Kikubaaqudgha [*.....]
Gold:   42         SH:  9    Dex: 10    Spells: 1/1 levels left

rFire    . . .     SeeInvis .   a - +0 war axe {axe}
rCold    . . .     Faith    .   c - +0 kite shield
rNeg     . . .     Spirit   .   b - +0 scale mail
rPois    .         Reflect  .   (no helmet)
rElec    .         Harm     .   (no cloak)
rCorr    .         Rampage  .   (no gloves)
Will     .....                  (no boots)
Stlth    ..........             (no amulet)
HPRegen  0.09/turn              (no ring)
MPRegen  0.08/turn              (no ring)

@: no status effects
A: no striking features
a: Renounce Religion, Receive Corpses


You escaped.
You worshipped Kikubaaqudgha.
Kikubaaqudgha was aware of your devotion.
You visited 1 branch of the dungeon, and saw 3 of its levels.

You collected 42 gold pieces.


   Skills:
 + Level 3.8 Fighting
 * Level 3.3 Axes
 + Level 3.4 Armour
 + Level 3.5 Shields


You had one spell level left.
You didn't know any spells.
Your spell library contained the following spells:

 Spells                   Type           Power      Damage    Failure   Level
 Animate Skeleton         Necr           0%         N/A       99%         1
 Beastly Appendage        Tmut           0%         N/A       99%         1
 Corona                   Hex            0%         N/A       99%         1
 Pain                     Necr           0%         1d4       99%         1
 Ensorcelled Hibernation  Hex/Ice        0%         N/A       100%        2
 Sublimation of Blood     Necr           0%         N/A       100%        2
 Wereblood                Tmut           0%         N/A       100%        2
 Confusing Touch          Hex            0%         N/A       100%        3
 Dazzling Flash           Conj/Hex       0%         N/A       100%        3
 Spider Form              Tmut/Pois      0%         N/A       100%        3
 Tukima's Dance           Hex            0%         N/A       100%        3
 Vampiric Draining        Necr           0%         2d6       100%        3
 Ice Form                 Ice/Tmut       0%         N/A       100%        4
 Hydra Form               Tmut           0%         N/A       100%        5

Inventory:

Hand Weapons
 a - a +0 war axe (weapon) {axe}
Missiles
 e - 6 sling bullets
 f - 5 javelins (quivered) {throwing}
 h - 12 arrows
Armour
 b - a +0 scale mail (worn)
 c - a +0 kite shield (worn)
Scrolls
 g - a scroll of fog {unknown}
Potions
 d - a potion of might

Dungeon Overview and Level Annotations

Branches:
Dungeon (3/15)

Altars:
Kikubaaqudgha

######### #.......# #####
#.#####.# #####.@.###.### #.#
#### #.≈♣##.##♣≈...# #.#
..8## #.≈≈♣#.#♣≈≈.#.# #.#
....## #.≈≈≈≈≈≈≈≈≈♣#.###.#
.....# #.≈≈≈#'#♣≈≈.......#
..∩..# #.≈P##.##≈≈##.....#
.....######.###...#########.#
............####### #.#
..♣..########.# #.#


There were no monsters in sight!


Message History

Your hp is fully restored (27).
The bat hits you. 😕 HP[-1]
You take 1 damage, and now have 26/27 hp.
You block the bat's attack. The bat hits you but does no damage.
You block the bat's attack.
You barely miss the bat. The bat hits you but does no damage.
You block the bat's attack.
You miss the bat. The bat barely misses you. You block the bat's attack.
You closely miss the bat. You block the bat's attack.
The bat hits you but does no damage.
You closely miss the bat. The bat hits you but does no damage. x2
You block the bat's attack.
You barely miss the bat. You block the bat's attack.
The bat barely misses you. 😎 HP[+1]
Your hp is fully restored (27).
You slash the bat!
You kill the bat!
No target in view!
You now have 27 gold pieces (gained 18).
A rat comes into view.
The rat bites you but does no damage.
You hit the rat.
You kill the rat!
No target in view!
No target in view!
You open the door.
A goblin comes into view. It is wielding a +0 club.
The goblin shouts!
A rat comes into view.
There is an open door here.
You block the goblin's attack.
You miss the goblin. You block the goblin's attack.
The goblin hits you but does no damage.
You closely miss the goblin. You block the goblin's attack.
The rat bites you. 😕 HP[-2]
You take 2 damage, and now have 25/27 hp.
You completely miss the goblin. You closely miss the rat.
The goblin barely misses you. You block the rat's attack.
The goblin hits you with a +0 club. 😕 HP[-3]
You take 3 damage, and now have 22/27 hp.
You barely miss the goblin. You hit the rat.
You kill the rat!
The goblin hits you but does no damage.
You closely miss the goblin. The goblin barely misses you.
You block the goblin's attack.
You closely miss the goblin. The goblin barely misses you.
You barely miss the goblin. You block the goblin's attack.
The goblin closely misses you. 😕 HP[+1]
You slash the goblin!
You kill the goblin!
No target in view!
h - 12 arrows You open the door.
There is an open door here.
You pick up a book of Maledictions and begin reading...
You add the spells Corona, Ensorcelled Hibernation, Confusing Touch, Tukima's Dance and Dazzling Flash to your library. 😎 HP[+4]
Your hp is fully restored (27).
You pick up a book of Changes and begin reading...
You add the spells Beastly Appendage, Wereblood, Spider Form, Ice Form and Hydra Form to your library.
There is an empty arch of ancient stone here.
There is an empty arch of ancient stone here.
Found a faded altar of an unknown god.
(D) Dungeon
Where to? (Enter - D:1, ? - help)
There is a stone staircase leading down here.
You climb downwards.
There is a stone staircase leading up here.
You climb upwards.
There is a stone staircase leading down here.
You see here a +0 robe.
You now have 42 gold pieces (gained 15).
There is a faded altar of an unknown god here.
You cannot tell which god this altar belongs to.
Convert to them anyway?
Okay, then.
Unknown command.
Press < or > to pray at altars.
You cannot tell which god this altar belongs to.
Convert to them anyway?
Kikubaaqudgha accepts your prayer! Kikubaaqudgha welcomes you!
You can now receive cadavers from Kikubaaqudgha.
You see here Kikubaaqudgha's Incunabulum of Evil Rites.
Kikubaaqudgha grants you a gift!
You pick up Kikubaaqudgha's Incunabulum of Evil Rites and begin reading...
You add the spells Animate Skeleton, Pain, Sublimation of Blood and Vampiric Draining to your library.
There is an ancient bone altar of Kikubaaqudgha here.
Okay, then.
Unknown command.
Press < or > to pray at altars.
(D) Dungeon
Where to? (Enter - D:2, ? - help)
Okay, then.
You enter the shallow water.
Moving in this stuff is going to be slow.
There is a staircase leading out of the dungeon here.
Are you sure you want to leave the Dungeon?
This will make you lose the game!
You have escaped!

Skill      XL: |  1 |
---------------+----+-----
Axes           | 3 |  3.3
Fighting       | |  3.8
Armour         | |  3.4
Shields        | |  3.5

Action                   || total
-------------------------++-------
Melee: War axe           ||    38
Armor: Scale mail        ||    22
Dodge: Dodged            ||    17
Block: Kite shield       ||    23

Levels and vault maps discovered:
D:1:      sevenhm_arrival_forest_fort_small_4, layout_loops_corners,
          hellmonk_ecumenical_altar_arch_garden
D:2:      layout_rooms, uniq_robin
D:3:      layout_loops_ring, fedhas_altar_2, kennysheep_generic_room_6

Notes
Turn   | Place    | Note
-------+----------+-------------------------------------------
     0 | D:1      | Sobieck the Hill Orc Fighter began the quest for the Orb.
     0 | D:1      | Reached XP level 1. HP: 19/19 MP: 1/1
     0 | D:1      | magus.rc [v1.9.6]
   146 | D:1      | Reached skill level 3 in Axes
   146 | D:1      | Reached XP level 2. HP: 17/27 MP: 2/2
   146 | D:1      | You fall into a shaft and drop 1 floor!
   624 | D:1      | You pick up a book of Maledictions and begin reading...
   624 | D:1      | You add the spells Corona, Ensorcelled Hibernation,
                  | Confusing Touch, Tukima's Dance and Dazzling Flash to your
                  | library.
   634 | D:1      | You pick up a book of Changes and begin reading...
   634 | D:1      | You add the spells Beastly Appendage, Wereblood, Spider
                  | Form, Ice Form and Hydra Form to your library.
   647 | D:1      | Found a faded altar of an unknown god.
   685 | D:1      | Became a worshipper of Kikubaaqudgha
   685 | D:1      | Reached * piety under Kikubaaqudgha
   685 | D:1      | Identified Kikubaaqudgha's Incunabulum of Evil Rites
                  | (Kikubaaqudgha gifted it to you on level 1 of the Dungeon)
   685 | D:1      | Received a gift from Kikubaaqudgha
   688 | D:1      | You add the spells Animate Skeleton, Pain, Sublimation of
                  | Blood and Vampiric Draining to your library.
   718 | D:$      | Got out of the dungeon alive.

Vanquished Creatures
  A dart slug (D:1)
  2 ball pythons (D:1)
  2 endoplasms (D:1)
  2 goblins (D:1)
  A hobgoblin (D:1)
  3 bats
  2 rats (D:1)
13 creatures vanquished.

Table legend:
 A = Non-vault XP
 B = Vault XP
 C = Vault XP percentage of total XP
 D = Non-vault monster count
 E = Vault monster count
 F = Vault count percentage of total count
                 A         B        C        D         E       F
            +---------+---------+-------+---------+---------+-------
      Total |      23 |       0 |   0.0 |      13 |       0 |   0.0
            +---------+---------+-------+---------+---------+-------
        D:1 |      22 |       0 |   0.0 |      12 |       0 |   0.0
        D:2 |       1 |       0 |   0.0 |       1 |       0 |   0.0
            +---------+---------+-------+---------+---------+-------

Illustrated notes

Table legend:
 A = Kills in this place as a percentage of kills in entire the game.
 B = Kills by you in this place as a percentage of kills by you in the entire game.
 C = Kills by friends in this place as a percentage of kills by friends in the entire game.
 D = Other kills in this place as a percentage of other kills in the entire game.
 E = Experience gained in this place as a percentage of experience gained in the entire game.
 F = Experience gained in this place divided by the number of levels of this place that you have seen.
                   A       B       C       D       E      F
               +-------+-------+-------+-------+-------+----------------------
         Total | 100.0 | 100.0 |   N/A |   N/A | 100.0 |   7.7
       Dungeon | 100.0 | 100.0 |   N/A |   N/A | 100.0 |   7.7
               +-------+-------+-------+-------+-------+----------------------

Table legend: (Time is in decaauts)
 A = Elapsed time spent in this place.
 B = Non-inter-level travel time spent in this place.
 C = Inter-level travel time spent in this place.
 D = Time resting spent in this place.
 E = Time spent auto-exploring this place.
 F = Levels seen in this place.
 G = Mean time per level.
                   A        B        C        D        E       F      G
               +--------+--------+--------+--------+--------+-----+--------+
         Total |    749 |    687 |     62 |      0 |    546 |   3 |  249.7 |
       Dungeon |    749 |    687 |     62 |      0 |    546 |   3 |  249.7 |
               +--------+--------+--------+--------+--------+-----+--------+

Top non-repeatable levels by time:
     D:1: 620 daAuts
     D:2: 126 daAuts
     D:3: 1 daAuts
